 Dungeon Sprint DCSS version 0.19.1 (webtiles) character file.

15343 dvd the Brawler (level 12, 0/132 HPs)
             Began as a Troll Berserker on Dec 14, 2016.
             Was the Champion of Trog.
             Killed by divine providence
             ... invoked by a daeva
              (9 damage)
             ... in the Dungeon (Sprint I: "Red Sonja").
             The game lasted 00:20:42 (2362 turns).

dvd the Brawler (Troll Berserker)                   Turns: 2362, Time: 00:20:44

Health: 0/132      AC: 13    Str: 27    XL:     12   Next: 0%
Magic:  11/11      EV: 12    Int:  5    God:    Trog [******]
Gold:   1168       SH:  3    Dex: 12    Spells: 0 memorised, 11 levels left

rFire  + + .     SeeInvis +     r - +7 great mace "Firestarter" {inner flame, rF++}
rCold  + . .     Gourm    +     s - +1 shadow dragon scales
rNeg   . . .     Faith    .     (shield currently unavailable)
rPois  +         Spirit   .     (helmet restricted)
rElec  .         Reflect  +     t - +1 cloak {rPois}
rCorr  .         Harm     .     (gloves unavailable)
MR     .....     Rnd*Rage +     (boots unavailable)
Stlth  +......... NoTele   +    w - +3 amulet of reflection
                                v - ring of see invisible
                                u - ring "Mesela" {rC+ Int+4 Dex+2}

@: exhausted, slowed, glowing, very slow
A: unfitting armour, claws 3, berserk 1, blurry vision 1, clumsy 1, deformed
body, dopey 1, fast metabolism 3, gourmand, mutation resistance 1, regeneration
1, shaggy fur 1, tough skin 2, weak 1, subdued magic 2
a: Berserk, Trog's Hand, Brothers in Arms, Burn Spellbooks, Renounce Religion


You were in the Dungeon.
You worshipped Trog.
Trog was exalted by your worship.
You were not hungry.

You visited 1 branch You collected 3537 gold pieces.
You spent 2369 gold pieces at shops.

Inventory:

Hand Weapons
 c - a +3 antimagic great mace
 l - a +3 antimagic short sword
 m - a +3 antimagic glaive
 o - a +2 hunting sling of freezing
 q - a +6 antimagic quick blade
 r - the +7 great mace "Firestarter" (weapon) {inner flame, rF++}
   (You found it in the Dungeon)

   It has been specially enchanted to burn those struck by it, causing extra
   injury to most foes and up to half again as much damage against particularly
   susceptible opponents.
   It greatly protects you from fire.
 x - a +3 quarterstaff of draining
Armour
 a - a +0 animal skin
 p - +0 fire dragon scales
 s - +1 shadow dragon scales (worn)
 t - a +1 cloak of poison resistance (worn)
Jewellery
 u - the ring "Mesela" (left claw) {rC+ Int+4 Dex+2}
   (You bought it in a shop in the Dungeon)

   [ring of dexterity]

   It affects your intelligence (+4).
   It affects your dexterity (+2).
   It protects you from cold.
 v - a ring of see invisible (right claw)
 w - a +3 amulet of reflection (around neck)
Wands
 y - a wand of disintegration (6/24)
Scrolls
 h - a scroll of blinking
 B - a scroll of remove curse
Potions
 d - a potion of heal wounds
 e - a potion of haste
 f - 2 potions of magic
 g - a potion of berserk rage
 i - a potion of flight {unknown}
 k - a potion of mutation
 n - 2 potions of curing
Comestibles
 b - 6 bread rations
 j - a beef jerky
 z - a royal jelly
 A - 5 meat rations


   Skills:
 + Level 12.0 Fighting
 + Level 7.1 Maces & Flails
 + Level 5.3 Armour
 + Level 11.8 Dodging
 + Level 2.0 Stealth
 + Level 20.0 Unarmed Combat
 + Level 0.1 Evocations


You had 11 spell levels left.
You didn't know any spells.

Dungeon Overview and Level Annotations

Branches:
Dungeon (1/1)

Altars:
Cheibriados
Dithmenos
Elyvilon
Fedhas
Gozag
Hepliaklqana
Kikubaaqudgha
Makhleb
Nemelex Xobeh
Okawaru
Qazlal
Ru
Sif Muna
Trog
Uskayaw
Vehumet
Xom
Yredelemnul
Zin
The Shining One
Jiyva
Lugonu

Shops:
D :*:(*=}*:?==}[*?=[[}


Innate Abilities, Weirdness & Mutations

You are too large for most types of armour.
You have claws for hands.
Your metabolism is lightning-fast.
You like to eat raw meat.
Your natural rate of healing is unusually fast.
You are covered in fur. (AC +1)
You have very tough skin. (AC +2)
You tend to lose your temper in combat.
Scrolls take you a little longer to read.
You are clumsy. (Dex -2)
Armour fits poorly on your strangely shaped body.
You are dopey. (Int -2)
You are somewhat resistant to further mutation.
You are weak. (Str -2)
Your spells are easier to cast, but less powerful.


Message History

You feel yourself slow down.
You thump the daeva! You burn the daeva.
The daeva is severely wounded.
The daeva misses you.
The daeva hits you with an eudemon blade of holy wrath. x3
* * * LOW HITPOINT WARNING * * *
The daeva blocks your attack.
The daeva is severely wounded.
The daeva hits you with an eudemon blade of holy wrath!
* * * LOW HITPOINT WARNING * * *
The daeva hits you but does no damage. The daeva closely misses you.
The daeva barely misses you. The daeva blocks your attack.
The daeva is severely wounded.
The daeva calls down the wrath of the Shining One upon you.
The Shining One smites you!
* * * LOW HITPOINT WARNING * * *
The daeva calls down the wrath of the Shining One upon you.
The Shining One smites you!
You die...

##############################
)..#..#§§.§§§§§§.§'..#.^'§§§.#
...##'#§####§§§§.##..'^^#§..§##
...'..#.#.###§§.#######+#§§(.§#
####..§.#'#.###§# [## #§..§§#
§§##)####^..#.#.##$$$# ##§§.§#
..#....§#.)..##.@###$# ###+##
§.#...§.§.....##.A.#$#
#'###.§.#^....#..###$#
#.'.#.§§###''##.##..$#
###§#..###..###. +###
∩##.#..####..###
###.##'#..#..#.###
.##§##?#.........#
..'§####..§...§..#


You could see a daeva (inner flame).

Vanquished Creatures
  A lorocyproca (D)
  A hydra (D)
  2 centaur warriors (D)
  Sonja (D)
  2 unseen horrors (D)
  A deep troll (D)
  A lindwurm (D)
  An oklob plant (D)
  8 shining eyes (D)
  A gargoyle (D)
  4 demonic crawlers (D)
  2 kobold demonologists (D)
  A meliai (D)
  A slime creature (D)
  A hornet (D)
  Sigmund (D)
  2 redbacks (D)
  A yak (D)
  13 hogs (D)
  7 floating eyes (D)
  7 necrophages (D)
  An ogre (D)
  8 jellies (D)
  Ijyb (D)
  5 ballistomycetes (D)
74 creatures vanquished.

Vanquished Creatures (others)
  A gargoyle (D)
  2 ballistomycete spores (D)
3 creatures vanquished.

Grand Total: 77 creatures vanquished

Notes
Turn   | Place    | Note
-------+----------+-------------------------------------------
     0 | D        | dvd the Troll Berserker began the quest for the Orb.
     0 | D        | Reached XP level 1. HP: 22/22 MP: 0/0
     1 | D        | Noticed Ijyb
     7 | D        | Killed Ijyb
     7 | D        | Reached skill level 4 in Unarmed Combat
     7 | D        | Reached XP level 2. HP: 25/31 MP: 1/1
    20 | D        | Noticed an ogre
    22 | D        | Killed an ogre
    22 | D        | Reached skill level 6 in Unarmed Combat
    22 | D        | Reached XP level 3. HP: 41/41 MP: 2/2
    22 | D        | Reached XP level 4. HP: 49/49 MP: 3/3
    32 | D        | Noticed Sigmund
    47 | D        | Killed Sigmund
    47 | D        | Reached ** piety under Trog
    47 | D        | Reached skill level 8 in Unarmed Combat
    47 | D        | Reached XP level 5. HP: 61/61 MP: 4/4
    47 | D        | Reached XP level 6. HP: 68/68 MP: 5/5
   103 | D        | Found a deep blue altar of Sif Muna.
   105 | D        | Found a radiant altar of Vehumet.
   158 | D        | Found Mearoni's Book Emporium.
   158 | D        | Found an ancient bone altar of Kikubaaqudgha.
   158 | D        | Found a hazy altar of Hepliaklqana.
   158 | D        | Found a hide-covered altar of Uskayaw.
   158 | D        | Found a basalt altar of Yredelemnul.
   158 | D        | Found an opulent altar of Gozag.
   158 | D        | Found a snail-covered altar of Cheibriados.
   158 | D        | Found a sacrificial altar of Ru.
   158 | D        | Found a shadowy altar of Dithmenos.
   158 | D        | Noticed a yak
   161 | D        | Killed a yak
   161 | D        | Reached skill level 9 in Unarmed Combat
   162 | D        | Found a stormy altar of Qazlal.
   162 | D        | Found a blossoming altar of Fedhas.
   162 | D        | Found a bloodstained altar of Trog.
   162 | D        | Found an iron altar of Okawaru.
   162 | D        | Found a glowing golden altar of the Shining One.
   162 | D        | Found a glowing silver altar of Zin.
   162 | D        | Found a white marble altar of Elyvilon.
   163 | D        | Found a sparkling altar of Nemelex Xobeh.
   184 | D        | Found a burning altar of Makhleb.
   184 | D        | Found a viscous altar of Jiyva.
   184 | D        | Found a shimmering altar of Xom.
   184 | D        | Found a corrupted altar of Lugonu.
   184 | D        | Noticed a slime creature
   192 | D        | Killed a slime creature
   192 | D        | Reached *** piety under Trog
   192 | D        | Reached skill level 10 in Unarmed Combat
   192 | D        | Reached XP level 7. HP: 76/79 MP: 6/6
   208 | D        | Noticed a kobold demonologist
   213 | D        | Noticed a kobold demonologist
   214 | D        | Killed a kobold demonologist
   214 | D        | Reached skill level 11 in Unarmed Combat
   219 | D        | Noticed a rust devil
   220 | D        | Killed a kobold demonologist
   220 | D        | Reached **** piety under Trog
   220 | D        | Reached skill level 12 in Unarmed Combat
   220 | D        | Reached XP level 8. HP: 89/89 MP: 7/7
   257 | D        | Noticed a demonic crawler
   257 | D        | Noticed a demonic crawler
   257 | D        | Noticed a demonic crawler
   257 | D        | Noticed a demonic crawler
   262 | D        | Killed a demonic crawler
   264 | D        | Killed a demonic crawler
   264 | D        | Reached skill level 13 in Unarmed Combat
   269 | D        | Killed a demonic crawler
   269 | D        | Reached XP level 9. HP: 77/100 MP: 8/8
   273 | D        | Killed a demonic crawler
   273 | D        | Reached ***** piety under Trog
   359 | D        | Noticed a lindwurm
   364 | D        | Killed a lindwurm
   364 | D        | Reached skill level 10 in Dodging
   364 | D        | Reached skill level 14 in Unarmed Combat
   376 | D        | Reached skill level 10 in Fighting
   392 | D        | Received a gift from Trog
   392 | D        | Reached skill level 15 in Unarmed Combat
   406 | D        | Reached XP level 10. HP: 48/111 MP: 9/9
   415 | D        | Reached skill level 16 in Unarmed Combat
   566 | D        | Noticed Sonja
   570 | D        | Killed Sonja
   587 | D        | Noticed a deep troll
   592 | D        | Killed a deep troll
   592 | D        | Reached ****** piety under Trog
   592 | D        | Received a gift from Trog
   592 | D        | Reached skill level 17 in Unarmed Combat
   661 | D        | Killed a gargoyle
   683 | D        | Found Hoboorir's Armour Emporium.
   786 | D        | Found Woriomij's Book Boutique.
   815 | D        | Bought +0 fire dragon scales for 600 gold pieces
   847 | D        | Noticed a centaur warrior
   852 | D        | Noticed a centaur warrior
   862 | D        | Killed a centaur warrior
   865 | D        | Killed a centaur warrior
   881 | D        | Paralysed by a hornet for 3 turns
  1001 | D        | Noticed an oklob plant
  1006 | D        | Killed an oklob plant
  1006 | D        | Reached skill level 1 in Armour
  1006 | D        | Reached skill level 18 in Unarmed Combat
  1058 | D        | Reached XP level 11. HP: 53/120 MP: 10/10
  1160 | D        | Killed an unseen horror
  1164 | D        | Killed an unseen horror
  1257 | D        | Received a gift from Trog
  1324 | D        | Received a gift from Trog
  1324 | D        | Reached skill level 19 in Unarmed Combat
  1386 | D        | Found Yfext's Gadget Shoppe.
  1386 | D        | Found Uskiquol's Jewellery Shop.
  1386 | D        | Found Xahi's General Store.
  1388 | D        | Found Koeblaol's Book Emporium.
  1388 | D        | Found Meahisan's Magic Scroll Shop.
  1388 | D        | Found Weis's Jewellery Shoppe.
  1388 | D        | Found Xohiybrim's Jewellery Boutique.
  1388 | D        | Found Itweceg's Gadget Emporium.
  1388 | D        | Found Teuhiov's Armour Shop.
  1388 | D        | Found Goronn's Assorted Antiques.
  1394 | D        | Found Jaubol's Magic Scroll Boutique.
  1395 | D        | Found Jaunoex's Armour Emporium.
  1395 | D        | Found Pevoezxa's Jewellery Boutique.
  1396 | D        | Found Rannawno's Gadget Emporium.
  1409 | D        | Bought a +1 cloak of poison resistance for 135 gold pieces
  1417 | D        | Bought the ring "Mesela" {rC+ Int+4 Dex+2} for 388 gold pieces
  1440 | D        | Bought an uncursed ring of see invisible for 165 gold pieces
  1442 | D        | Bought a +3 amulet of reflection for 325 gold pieces
  1491 | D        | Noticed a shining eye
  1491 | D        | Noticed a shining eye
  1491 | D        | Noticed a shining eye
  1491 | D        | Noticed a shining eye
  1491 | D        | Noticed a shining eye
  1491 | D        | Noticed a shining eye
  1517 | D        | Gained mutation: You are clumsy. (Dex -2) [a shining eye]
  1518 | D        | Gained mutation: You tend to lose your temper in combat. [a shining eye]
  1519 | D        | Gained mutation: You are somewhat resistant to further mutation. [a shining eye]
  1523 | D        | Killed a shining eye
  1541 | D        | Reached skill level 1 in Maces & Flails
  1541 | D        | Gained mutation: You are weak. (Str -2) [a shining eye]
  1542 | D        | Noticed a shining eye
  1542 | D        | Noticed a shining eye
  1543 | D        | Paralysed by a floating eye for 4 turns
  1547 | D        | Gained mutation: You are dopey. (Int -2) [a shining eye]
  1548 | D        | Gained mutation: Armour fits poorly on your strangely shaped body. [a shining eye]
  1550 | D        | Gained mutation: Scrolls take you a little longer to read. [a shining eye]
  1551 | D        | Killed a shining eye
  1551 | D        | Gained mutation: Your spells are a little easier to cast, but a little less powerful. [a shining eye]
  1551 | D        | Gained mutation: Your spells are easier to cast, but less powerful. [a shining eye]
  1552 | D        | Killed a shining eye
  1552 | D        | Received a gift from Trog
  1552 | D        | Killed a shining eye
  1553 | D        | Killed a shining eye
  1553 | D        | Reached skill level 1 in Stealth
  1555 | D        | Killed a shining eye
  1555 | D        | Killed a shining eye
  1556 | D        | Killed a shining eye
  1575 | D        | Found Fiotuts's Assorted Antiques.
  1575 | D        | Found Arpho Zam's Weapon Shop.
  1575 | D        | Found Astrask's Food Emporium.
  1575 | D        | Found Zaarha's Assorted Antiques.
  1673 | D        | Noticed a 12-headed hydra
  1676 | D        | Killed a 12-headed hydra
  1676 | D        | Reached skill level 5 in Maces & Flails
  1676 | D        | Received a gift from Trog
  1676 | D        | Reached skill level 20 in Unarmed Combat
  1770 | D        | Noticed a daeva
  1937 | D        | Bought a royal jelly for 24 gold pieces
  1937 | D        | Bought a meat ration for 60 gold pieces
  1937 | D        | Bought a meat ration for 60 gold pieces
  1937 | D        | Bought a meat ration for 60 gold pieces
  1937 | D        | Bought a bread ration for 60 gold pieces
  1937 | D        | Bought a meat ration for 60 gold pieces
  1937 | D        | Bought a meat ration for 60 gold pieces
  1937 | D        | Bought a bread ration for 60 gold pieces
  1937 | D        | Bought a meat ration for 60 gold pieces
  1937 | D        | Bought a bread ration for 60 gold pieces
  1937 | D        | Bought a bread ration for 60 gold pieces
  1980 | D        | Noticed a lorocyproca
  1993 | D        | Killed a lorocyproca
  1993 | D        | Reached skill level 5 in Armour
  2118 | D        | Bought a wand of disintegration (8/24) for 132 gold pieces
  2178 | D        | Reached XP level 12. HP: 119/132 MP: 11/11
  2362 | D        | Killed from afar by a daeva

Skill      XL: |  1  2  3  4  5  6  7  8  9 10 11 |
---------------+----------------------------------+-----
Fighting       | 3 4 6 7 8 9 10 11 12 | 12.0
Dodging        | 3 4 6 7 8 9 10 11 | 11.8
Unarmed Combat | 4 6 8 10 12 13 15 18 20 | 20.0
Armour         | 1 5 |  5.3
Maces & Flails | 7 |  7.1
Stealth        | 2 |  2.0
Evocations     | |  0.1

Action                   |  1- 3 |  4- 6 |  7- 9 | 10-12 || total
-------------------------+-------+-------+-------+-------++-------
Melee: Unarmed           |     7 |    26 |    57 |    92 ||   182
       Punch             |       |       |     4 |     9 ||    13
       Great mace        |       |       |       |    54 ||    54
Invok: Berserk           |       |     1 |     2 |     5 ||     8
       Trog's Hand       |       |       |     2 |     3 ||     5
Evoke: Wand              |       |       |       |     2 ||     2
  Use: Scroll            |       |       |       |     5 ||     5
       Potion            |       |       |       |     2 ||     2
 Stab: Sleeping          |       |       |       |     2 ||     2
  Eat: Chunk             |     3 |     4 |       |     9 ||    16
       Bread ration      |       |       |       |     2 ||     2
       Meat ration       |       |       |       |     1 ||     1
Armor: Animal skin       |     1 |     1 |    10 |     3 ||    15
       Fire dragon scale |       |       |       |    28 ||    28
       Shadow dragon sca |       |       |       |    13 ||    13
Dodge: Dodged            |     2 |     8 |    32 |    49 ||    91
Block: Other             |       |       |       |     3 ||     3
